 Dungeon Crawl Stone Soup version 0.22.1-5-g62c59d9 (webtiles) character file.

8254 Kairos the Cleaver (level 11, -19/58 HPs)
             Began as a Vine Stalker Fighter on Jan 9, 2019.
             Was a High Priest of Okawaru.
             Demolished by a frost giant
             ... wielding a +0 battleaxe of freezing
              (27 damage)
             ... on level 9 of the Dungeon.
             The game lasted 00:24:23 (9784 turns).

Kairos the Cleaver (Vine Stalker Fighter)           Turns: 9784, Time: 00:24:24

Health: -19/58     AC: 12    Str: 21    XL:     11   Next: 28%
Magic:  0/12       EV: 15    Int:  8    God:    Okawaru [*****.]
Gold:   648        SH: 13    Dex: 15    Spells: 10/10 levels left

rFire    . . .     SeeInvis .   J - +4 war axe of Bloodstone {flame, +Fly}
rCold    . . .     Gourm    .   c - +2 shield
rNeg     . . .     Faith    .   b - +0 scale mail
rPois    .         Spirit   +   E - +0 helmet
rElec    .         Reflect  .   H - +1 cloak
rCorr    .         Harm     .   t - +0 pair of gloves
MR       ++...                  (no boots)
Stlth    +.........             (no amulet)
HPRegen  0.59/turn              q - +4 ring of evasion
MPRegen  0.13/turn              G - ring of protection from magic

@: no status effects
A: fangs 3, regeneration 1, magic shield, antimagic bite, no potion heal 3, rot
immunity
a: Heroism, Finesse, Renounce Religion, Evoke Flight


You were on level 9 of the Dungeon.
You worshipped Okawaru.
Okawaru was extremely pleased with you.
You were not hungry.

You visited 2 branches of the dungeon, and saw 11 of its levels.
You also visited: Ossuary.

You collected 648 gold pieces.

Inventory:

Hand Weapons
 a - a +1 war axe
 y - a +2 morningstar of draining
 B - a +0 whip of electrocution
 J - the +4 war axe of Bloodstone (weapon) {flame, +Fly}
   (Okawaru gifted it to you on level 10 of the Dungeon)

   It has been specially enchanted to burn those struck by it, causing extra
   injury to most foes and up to half again as much damage against particularly
   susceptible opponents.
   Big, fiery blades are also staple armaments of hydra-hunters.
   It lets you fly.
Armour
 b - a +0 scale mail (worn)
 c - a +2 shield (worn)
 t - a +0 pair of gloves (worn)
 E - a +0 helmet (worn)
 H - a +1 cloak (worn)
Jewellery
 q - a +4 ring of evasion (left hand)
 A - an uncursed ring of wizardry
 G - a ring of protection from magic (right hand)
Wands
 l - a wand of digging (2)
 n - a wand of acid (11)
 v - a wand of paralysis (36)
 L - a wand of flame (28)
Scrolls
 h - 6 scrolls of remove curse
 j - 4 scrolls of teleportation
 o - a scroll of magic mapping
 C - a scroll of amnesia
 F - 2 scrolls of identify
 I - a scroll of fear {unknown}
Potions
 d - 6 potions of might
 e - a potion of magic
 g - a potion of resistance {unknown}
 i - 2 potions of lignification
 k - 4 potions of curing
 m - 3 potions of brilliance
 p - 2 potions of ambrosia
 r - a potion of invisibility {unknown}
 u - 2 potions of flight {unknown}
 w - 2 potions of mutation {unknown}
 x - a potion of agility
 z - 4 potions of haste {unknown}
 D - 2 potions of degeneration {unknown}
Comestibles
 f - 17 rations


   Skills:
 + Level 6.6 Fighting
 + Level 9.7(9.9) Axes
 + Level 2.5(6.7) Maces & Flails
 + Level 6.2 Armour
 + Level 4.1 Dodging
 + Level 2.2 Stealth
 + Level 7.4 Shields
 + Level 0.8 Invocations


You had 10 spell levels left.
You didn't know any spells.
Your spell library was empty.

Dungeon Overview and Level Annotations

Branches:
Dungeon (10/15)            Temple (1/1) D:5            Lair (0/6) D:10
    Orc: D:9-12

Altars:
Ashenzari
Cheibriados
Dithmenos
Elyvilon
Fedhas
Gozag
Hepliaklqana
Kikubaaqudgha
Okawaru
Qazlal
Ru
Sif Muna
Trog
Uskayaw
Vehumet
Wu Jian
Xom
Yredelemnul
Zin
The Shining One

Shops:
D:9 *

Annotations:
D:9 1 runed door, exclusion: ice statue, HerrDoktor's ghost, novice MiAK


Innate Abilities, Weirdness & Mutations

You have razor-sharp teeth.
Your natural rate of healing is unusually fast.
When hurt, damage is shared between your health and your magic reserves.
Your bite disrupts and absorbs the magic of your enemies.
Potions cannot restore your health.
You are immune to rotting.


Message History

The frost giant is severely wounded.
The frost giant gestures at you while chanting.
The bolt of cold hits you!
* * * LOW HITPOINT WARNING * * *
You hit the frost giant. You burn the frost giant.
The frost giant is severely wounded.
You slash the ice beast!
You melt the ice beast!
The ice beast closely misses you.
The frost giant falters for a moment.
You slash the frost giant! You burn the frost giant.
Your bite misses the frost giant.
The frost giant is almost dead.
You hit the ice beast.
You melt the ice beast.
You feel like a meek peon again. You block the ice beast's attack.
You hit the frost giant. You burn the frost giant.
You bite the frost giant, but do no damage.
The frost giant is almost dead.
You hit the ice beast.
You melt the ice beast.
The frost giant hits you with a battleaxe of freezing!!
You die...

*,**≈≈≈≈≈≈≈≈≈≈≈≈≈≈≈≈≈≈≈≈≈
****≈≈≈≈≈****≈≈≈≈≈≈≈≈≈≈≈≈
*≈**≈#≈## *≈≈≈≈≈≈≈≈≈≈≈≈
*≈≈≈##..####≈≈≈≈≈≈≈≈≈≈≈≈
**≈≈≈#....≈≈*≈≈≈≈≈≈≈##≈≈≈
***≈≈≈**....≈≈≈≈≈≈≈≈≈≈*##≈≈
*,≈≈****#...≈≈≈≈**≈≈≈≈* #≈≈
***** #YC#*≈≈≈***,≈** #≈≈
*#@#**≈** **** #≈≈ #.# ***
*** #.# *** #.# *,≈ #.# **≈
#.# ** #.# *** #.# *≈≈ #.#
*,*


You could see a frost giant and an ice beast.

Vanquished Creatures
  Pikel (D:6)
  An ugly thing (D:9)
  Maurice (D:10)
  A gargoyle (D:10)
  2 hippogriffs
  2 wyverns (D:10)
  7 yaks (D:9)
  Eustachio (D:5)
  A steam dragon (D:10)
  A basilisk (D:10)
  Duvessa (D:7)
  An orc warrior (D:8)
  12 ice beasts
  A sky beast (D:8)
  A black bear (D:10)
  3 ogres
  4 centaurs
  2 crocodiles (D:10)
  2 elf zombies (Ossuary)
  A big kobold (D:10)
  2 bullfrogs
  Dowan (D:7)
  A wyvern skeleton (D:7)
  4 scorpions
  A water moccasin skeleton (D:6)
  6 electric eels (D:9)
  3 crimson imps
  5 centaur zombies
  A bullfrog zombie (D:3)
  3 hounds
  2 orc priests
  A bullfrog skeleton (D:7)
  A human zombie (Ossuary)
  2 jellies
  A centaur skeleton (D:9)
  14 orc wizards
  2 iguanas (D:9)
  6 worker ants
  2 mummies (Ossuary)
  13 gnolls
  18 adders
  2 river rats (D:3)
  A shadow imp (D:9)
  An ooze (D:1)
  An adder skeleton (D:6)
  An adder zombie (Ossuary)
  4 worms
  A dart slug (D:3)
  7 leopard geckos
  17 orcs
  12 giant cockroaches
  7 goblins
  11 hobgoblins
  14 jackals
  2 quokkas
  8 bats
  9 frilled lizards
  A goblin zombie (Ossuary)
  11 hobgoblin zombies (Ossuary)
  11 kobolds
  9 kobold zombies (Ossuary)
  2 leopard gecko zombies
  7 orc zombies (Ossuary)
  9 rats
  2 rat zombies (Ossuary)
285 creatures vanquished.

Vanquished Creatures (others)
  A slave (D:7)
  2 gnolls (D:7)
3 creatures vanquished.

Grand Total: 288 creatures vanquished

Notes
Turn   | Place    | Note
-------+----------+-------------------------------------------
     0 | D:1      | Kairos the Vine Stalker Fighter began the quest for the
                  | Orb.
     0 | D:1      | Reached XP level 1. HP: 11/11 MP: 2/2
   104 | D:1      | Reached XP level 2. HP: 16/16 MP: 3/3
   179 | D:1      | Reached XP level 3. HP: 6/19 MP: 2/4
   424 | D:1      | Reached skill level 2 in Axes
   801 | D:2      | Gained mutation: Your natural rate of healing is unusually
                  | fast. [Vine Stalker growth]
   801 | D:2      | Reached XP level 4. HP: 23/24 MP: 5/5
  1040 | D:2      | Found a bloodstained altar of Trog.
  1414 | D:3      | Reached skill level 3 in Axes
  1414 | D:3      | Reached XP level 5. HP: 17/28 MP: 2/6
  1772 | D:3      | Found a glowing silver altar of Zin.
  1842 | D:3      | Reached XP level 6. HP: 32/32 MP: 7/7
  1896 | D:3      | Reached skill level 1 in Dodging
  2253 | D:4      | Found a snail-covered altar of Cheibriados.
  2253 | D:4      | Found a basalt altar of Yredelemnul.
  2622 | D:4      | Reached skill level 4 in Axes
  2958 | D:5      | Entered Level 5 of the Dungeon
  3074 | D:5      | Found an ornate altar of the Wu Jian Council.
  3118 | D:5      | Reached XP level 7. HP: 33/36 MP: 8/8
  3415 | D:5      | Found a staircase to the Ecumenical Temple.
  3449 | Temple   | Entered the Ecumenical Temple
  3609 | Temple   | Became a worshipper of Warmaster Okawaru
  3814 | D:5      | Noticed Eustachio
  3819 | D:5      | Killed Eustachio
  3963 | D:6      | Reached skill level 5 in Axes
  4055 | D:6      | Reached * piety under Okawaru
  4055 | D:6      | Gained mutation: You have razor-sharp teeth. [Vine Stalker
                  | growth]
  4055 | D:6      | Reached XP level 8. HP: 40/42 MP: 7/9
  4282 | D:6      | Found a shimmering altar of Xom.
  4739 | D:7      | Noticed Pikel
  4745 | D:6      | Killed Pikel
  4745 | D:6      | Reached ** piety under Okawaru
  4745 | D:6      | Reached skill level 6 in Axes
  4745 | D:6      | Reached skill level 1 in Stealth
  4818 | D:7      | Reached XP level 9. HP: 13/46 MP: 3/10
  4896 | D:7      | Found a sand-covered staircase.
  4902 | Ossuary  | Entered an ossuary
  5031 | Ossuary  | Reached skill level 5 in Fighting
  5094 | Ossuary  | Reached skill level 7 in Axes
  5094 | Ossuary  | Reached skill level 5 in Shields
  5235 | D:7      | Reached *** piety under Okawaru
  5236 | D:7      | Found a shattered altar of Ashenzari.
  5541 | D:7      | Noticed Duvessa
  5541 | D:7      | Noticed Dowan
  5547 | D:7      | Killed Duvessa
  5552 | D:7      | Killed Dowan
  5570 | D:7      | Found a deep blue altar of Sif Muna.
  5579 | D:7      | Found an ancient bone altar of Kikubaaqudgha.
  5589 | D:7      | Found a radiant altar of Vehumet.
  5877 | D:8      | Reached skill level 5 in Armour
  6291 | D:9      | Reached skill level 8 in Axes
  6358 | D:9      | Reached XP level 10. HP: 43/51 MP: 11/11
  6366 | D:9      | Found Plog's Assorted Antiques.
  6384 | D:9      | Found a runed door.
  6384 | D:9      | Noticed HerrDoktor's ghost (novice MiAK)
  6384 | D:9      | Noticed a wolf spider
  6495 | D:9      | Reached **** piety under Okawaru
  6567 | D:9      | Noticed a red ugly thing
  6745 | D:8      | Reached skill level 9 in Axes
  6897 | D:9      | Noticed a cyan ugly thing
  6922 | D:9      | Killed a cyan ugly thing
  7223 | D:9      | HP: 1/53 [electric eel/bolt of electricity (5)]
  7503 | D:9      | Reached ***** piety under Okawaru
  7574 | D:10     | Entered Level 10 of the Dungeon
  7574 | D:10     | Noticed Maurice
  7593 | D:10     | Killed Maurice
  7690 | D:10     | Noticed a gargoyle
  7709 | D:10     | Killed a gargoyle
  7739 | D:10     | Reached skill level 1 in Maces & Flails
  7741 | D:10     | Reached XP level 11. HP: 32/56 MP: 12/12
  8140 | D:10     | Received a gift from Okawaru
  8143 | D:10     | Got a brightly glowing war axe {god gift}
  8144 | D:10     | Identified the +4 war axe of Bloodstone {flame, +Fly}
                  | (Okawaru gifted it to you on level 10 of the Dungeon)
  8214 | D:10     | Found a staircase to the Lair.
  9766 | D:9      | Noticed a frost giant
  9784 | D:9      | Demolished by a frost giant

Skill      XL: |  1  2  3  4  5  6  7  8  9 10 11 |
---------------+----------------------------------+-----
Shields        | 3 4 5 6 7 |  7.4
Axes           | 2 3 4 5 6 8 9 |  9.7
Armour         | 3 4 5 6 |  6.2
Fighting       | 3 4 5 6 |  6.6
Dodging        | 1 2 3 4 |  4.1
Stealth        | 1 2 |  2.2
Maces & Flails | 1 2 |  2.5
Invocations    | |  0.8

Action                   |  1- 3 |  4- 6 |  7- 9 | 10-12 || total
-------------------------+-------+-------+-------+-------++-------
Melee: War axe           |    88 |   190 |   305 |   280 ||   863
       Bite              |     9 |    60 |   105 |   121 ||   295
       Morningstar       |       |       |    15 |    18 ||    33
Invok: Heroism           |       |       |     1 |     8 ||     9
 Abil: Evoke Flight      |       |       |       |     3 ||     3
Evoke: Wand              |       |       |       |     2 ||     2
  Use: Scroll            |       |     7 |    11 |     2 ||    20
  Eat: Chunk             |       |     8 |     4 |     9 ||    21
       Ration            |       |       |     2 |     1 ||     3
Armor: Scale mail        |    51 |    73 |    79 |    53 ||   256
Dodge: Dodged            |    28 |    60 |   157 |   121 ||   366
Block: Shield            |    49 |   126 |   189 |   142 ||   506
